 Dungeon Crawl Stone Soup version 0.25-a0-413-g3b4b6a4ccc (webtiles) character file.

Game seed: 13071592186305067874, levelgen mode: deterministic

2240 ChaosChampion the Destroyer (level 9, -2/62 HPs)
             Began as a Black Draconian Conjurer on Jan 16, 2020.
             Was a Priest of Nemelex Xobeh.
             Killed by divine providence
             ... invoked by an orc priest
              (12 damage)
             ... on level 7 of the Dungeon.
             The game lasted 00:39:25 (5444 turns).

ChaosChampion the Destroyer (DrCj)                  Turns: 5444, Time: 00:39:26

Health: -2/62      AC:  7    Str: 10    XL:     9   Next: 14%
Magic:  11/19      EV: 12    Int: 21    God:    Nemelex Xobeh [***...]
Gold:   146        SH:  4    Dex: 12    Spells: 15/22 levels left

rFire    . . .     SeeInvis .   v - +3 mace (protect)
rCold    . . .     Gourm    .   (no shield)
rNeg     . . .     Faith    .   (armour unavailable)
rPois    .         Spirit   .   D - +0 hat
rElec    +         Reflect  +   (no cloak)
rCorr    .         Harm     .   (no gloves)
MR       .....                  (no boots)
Stlth    ++........             L - +4 amulet of reflection
HPRegen  0.20/turn              g - ring of wizardry
MPRegen  0.16/turn              O - +2 ring of intelligence

@: lethally poisoned (-2 -> -3)
A: breathe lightning, unfitting armour, electricity resistance, cold-blooded, AC
+7
a: Breathe Lightning, Draw Escape, Draw Destruction, Draw Summoning, Triple
Draw, Renounce Religion


You were on level 7 of the Dungeon.
You worshipped Nemelex Xobeh.
Nemelex Xobeh was most pleased with you.
You were very hungry.

You visited 2 branches of the dungeon, and saw 8 of its levels.
You also visited: Sewer.

You collected 326 gold pieces.
You spent 180 gold pieces at shops.

Inventory:

Hand Weapons
 i - a +1 dagger of electrocution
 v - a +3 mace of protection (weapon)
 z - a +2 dagger of speed
 G - a +0 dagger of venom
 H - a +1 hand axe of electrocution
 I - a cursed +0 short sword
 S - a +0 spear
Missiles
 a - 107 arrows
 F - 25 bolts
 R - 11 poisoned darts (quivered)
Armour
 q - a +0 leather armour of fire resistance
 u - +0 ice dragon scales
 D - a +0 hat (worn)
 M - the +4 ring mail of Purpose {rC+ rN+, unknown}
   (You found it on level 6 of the Dungeon)

   It protects you from cold.
   It protects you from negative energy.
Jewellery
 g - a ring of wizardry (left hand)
 j - a -2 ring of intelligence
 l - an uncursed amulet of regeneration
 m - an uncursed ring of protection from cold
 y - a +2 ring of strength
 L - a +4 amulet of reflection (around neck)
 O - a +2 ring of intelligence (right hand)
Wands
 x - a wand of random effects (13)
 P - a wand of paralysis (8)
Scrolls
 c - 4 scrolls of fear
 f - 2 scrolls of enchant armour
 h - 3 scrolls of teleportation
 o - a scroll of fog
 p - 2 scrolls of amnesia
 r - 2 scrolls of immolation {unknown}
 t - a scroll of enchant weapon
 A - 2 scrolls of random uselessness
 B - 2 scrolls of magic mapping
 C - a scroll of noise {unknown}
 E - 2 scrolls of blinking {unknown}
 K - 3 scrolls of identify
 Q - a scroll of remove curse
Potions
 d - 4 potions of curing {unknown}
 e - a potion of mutation {unknown}
 k - a potion of haste {unknown}
 n - 2 potions of brilliance {unknown}
 s - 2 potions of might {unknown}
 w - 2 potions of lignification {unknown}
 J - 2 potions of magic {unknown}
 N - a potion of flight {unknown}
Comestibles
 b - 13 rations


   Skills:
 - Level 1.3 Short Blades
 - Level 1.1 Maces & Flails
 - Level 1.8 Dodging
 - Level 1.8 Stealth
 * Level 7.3 Spellcasting
 * Level 8.7 Conjurations
 * Level 2.8 Hexes
 * Level 3.5 Invocations


You had 15 spell levels left.
You knew the following spells:

 Your Spells              Type           Power        Failure   Level  Hunger
a - Magic Dart            Conj           ####         1%          1    None
b - Searing Ray           Conj           #####.       1%          2    None
c - Fulminant Prism       Conj/Hex       ####......   3%          4    ###....

Your spell library contained the following spells:

 Spells                   Type           Power        Failure   Level  Hunger
 Slow                     Hex            ###.....     1%          2    None
 Conjure Flame            Conj/Fire      ####....     1%          3    None
 Dazzling Flash           Conj/Hex       ####..       1%          3    None
 Beastly Appendage        Tmut           #.....       3%          1    None
 Mephitic Cloud           Conj/Pois/Air  ###.....     3%          3    None
 Blink                    Tloc           N/A          5%          2    None
 Call Imp                 Summ           #.......     5%          2    None
 Sticks to Snakes         Tmut           #.......     5%          2    None
 Iskenderun's Mystic Bla  Conj/Tloc      ####....     6%          4    ###....
 Spider Form              Tmut/Pois      #.........   11%         3    None
 Ice Form                 Ice/Tmut       #.......     32%         4    ###....
 Blade Hands              Tmut           #.........   65%         5    #####..


Dungeon Overview and Level Annotations

Branches:
Dungeon (7/15)             Temple (1/1) D:7           Sewer (visited)

Altars:
Ashenzari
Cheibriados
Elyvilon
Fedhas
Gozag
Hepliaklqana
Makhleb
Nemelex Xobeh
Okawaru
Qazlal
Ru
Uskayaw
Wu Jian
Yredelemnul
Zin
The Shining One

Shops:
D:4 *   D:7 ([%

Annotations:
D:7 Pikel


Innate Abilities, Weirdness & Mutations

You can breathe wild blasts of lightning.
Your glossy black scales are hard. (AC +7)
You cannot fit into any form of body armour.
You are resistant to electric shocks. (rElec)
You are cold-blooded and may be slowed by cold attacks.


Message History

You feel sick.
Okay, then.
Casting: Searing Ray (safe; 1% risk of failure)
Confirm with . or Enter, or press ? or * to list all spells.
Aiming: Magic Dart (safe; 1% risk of failure)
Press: ? - help, Shift-Dir - straight line, f - orc
Aim: an orc, wielding a +0 trident The magic dart hits the orc.
The orc is heavily wounded.
Casting: Magic Dart (safe; 1% risk of failure)
Confirm with . or Enter, or press ? or * to list all spells.
Aiming: Magic Dart (safe; 1% risk of failure)
Press: ? - help, Shift-Dir - straight line, f/p - orc
Aim: an orc, wielding a +0 trident (heavily wounded)
The magic dart hits the orc.
You kill the orc!
The orc priest invokes the aid of Beogh against you.
Beogh smites you!
You die...
Your body glows slightly and disappears.

#...##....# #.......###
#.......... #.......#
#.........$ +.......#
#.......... #.......#
#...# ##########.......###
#...###...#........#+###.#
#.........#........#......
#.........#........#......
#........@'.).o....#......
#...#######....pK..#####..
#...# ###...o........#
#.... #............#
#....# #............#
#....# #............#
#....# #............#
###### #............#
##############


You could see Pikel, a slave, an orc priest and an orc.

Vanquished Creatures
  Menkaure (D:6)
  2 ice beasts
  A slave (D:7)
  2 ogres
  A centaur (D:5)
  4 bullfrogs (D:6)
  8 big kobolds (Sewer)
  A scorpion (D:6)
  A howler monkey (D:6)
  A crimson imp (D:6)
  A hound (D:4)
  3 orc priests
  9 orc wizards
  2 iguanas
  Terence (D:3)
  A worker ant (D:3)
  A gnoll (D:2)
  A river rat (Sewer)
  10 adders
  2 shadow imps
  6 oozes
  5 worms
  8 leopard geckos
  20 orcs
  8 giant cockroaches
  12 goblins
  7 hobgoblins
  9 jackals
  12 kobolds
  A quokka (D:6)
  6 ball pythons
  A bat (D:2)
  4 frilled lizards
  A quokka skeleton (D:5)
  2 quokka zombies
  10 rats
  2 bushes (D:2)
  4 fulminant prisms
171 creatures vanquished.

Vanquished Creatures (others)
  10 fulminant prisms
10 creatures vanquished.

Grand Total: 181 creatures vanquished

Notes
Turn   | Place    | Note
-------+----------+-------------------------------------------
     0 | D:1      | ChaosChampion the Draconian Conjurer began the quest for
                  | the Orb.
     0 | D:1      | Reached XP level 1. HP: 14/14 MP: 3/3
   312 | D:1      | Reached XP level 2. HP: 20/20 MP: 1/5
   649 | D:1      | Learned a level 2 spell: Searing Ray
   689 | D:1      | Reached XP level 3. HP: 17/26 MP: 0/6
   845 | D:2      | Reached skill level 5 in Conjurations
   979 | D:2      | Found a glowing golden altar of the Shining One.
  1091 | D:2      | Reached XP level 4. HP: 9/33 MP: 2/7
  1174 | D:2      | Reached skill level 1 in Short Blades
  1610 | D:3      | Noticed a fire elemental
  1612 | D:3      | Found a stormy altar of Qazlal.
  1614 | D:3      | Noticed an earth elemental
  1618 | D:3      | Noticed a water elemental
  1618 | D:3      | Noticed an air elemental
  1661 | D:3      | Found a faded altar of an unknown god.
  1668 | D:3      | Reached XP level 5. HP: 38/38 MP: 1/9
  1688 | D:3      | Became a worshipper of Nemelex Xobeh the Trickster
  1688 | D:3      | Received a gift from Nemelex Xobeh
  1688 | D:3      | Received a gift from Nemelex Xobeh
  1688 | D:3      | Reached * piety under Nemelex Xobeh
  2044 | D:3      | Noticed Terence
  2061 | D:3      | Killed Terence
  2372 | D:4      | Reached skill level 6 in Conjurations
  2377 | D:4      | Reached XP level 6. HP: 45/45 MP: 1/11
  2445 | D:4      | You fall into a shaft and drop 3 floors!
  2446 | D:7      | Noticed Pikel
  2446 | D:7      | Noticed a slave
  2446 | D:7      | Noticed a slave
  2446 | D:7      | Noticed a slave
  2449 | D:7      | Noticed a slave
  2473 | D:7      | Noticed an ice beast
  2523 | D:7      | Found Daptuar's Antique Weapon Shop.
  2525 | D:7      | Reached ** piety under Nemelex Xobeh
  2541 | D:7      | Found a staircase to the Ecumenical Temple.
  2549 | Temple   | Entered the Ecumenical Temple
  2842 | D:7      | Killed an ice beast
  2924 | D:6      | Found an ornate altar of the Wu Jian Council.
  2969 | D:5      | Entered Level 5 of the Dungeon
  2973 | D:4      | Found Ros Taod's Assorted Antiques.
  2999 | D:4      | Learned a level 4 spell: Fulminant Prism
  3117 | D:4      | Found a white marble altar of Elyvilon.
  3290 | D:4      | Your scales start taking on a glossy black colour.
  3290 | D:4      | Reached XP level 7. HP: 42/50 MP: 5/14
  3290 | D:4      | Gained mutation: You are resistant to electric shocks.
                  | (rElec) [Black Draconian growth]
  3510 | D:5      | Reached skill level 5 in Spellcasting
  3510 | D:5      | Reached skill level 1 in Hexes
  3510 | D:5      | Reached skill level 1 in Invocations
  3579 | D:5      | Found a glowing drain.
  3609 | D:5      | Reached skill level 7 in Conjurations
  3618 | Sewer    | Entered a sewer
  3824 | Sewer    | Reached XP level 8. HP: 57/57 MP: 5/16
  4113 | Sewer    | Reached skill level 1 in Maces & Flails
  4137 | Sewer    | Received a gift from Nemelex Xobeh
  4434 | D:5      | Reached *** piety under Nemelex Xobeh
  4495 | D:5      | Reached skill level 8 in Conjurations
  4550 | D:5      | Found a sacrificial altar of Ru.
  4728 | D:5      | Received a gift from Nemelex Xobeh
  4917 | D:6      | Got a jewelled ring mail
  4954 | D:6      | Found an opulent altar of Gozag.
  5018 | D:6      | Reached XP level 9. HP: 59/62 MP: 8/19
  5047 | D:6      | Found a hide-covered altar of Uskayaw.
  5138 | D:6      | Noticed Menkaure
  5140 | D:6      | Killed Menkaure
  5316 | D:7      | Found Fifahun's Food Shop.
  5320 | D:7      | Bought a ration for 60 gold pieces
  5320 | D:7      | Bought a ration for 60 gold pieces
  5320 | D:7      | Bought a ration for 60 gold pieces
  5426 | D:7      | Found Ulugiur's Antique Armour Boutique.
  5444 | D:7      | Killed from afar by an orc priest

Levels and vault maps discovered:
D:1:      ncdulo_lavacross, layout_loops_ring
D:2:      layout_rooms, old_standard_altar, cheibrodos_gnoll_hut
D:3:      layout_basic, nicolae_qazlal_style_of_elements, first_ration,
          chequers_ecumenical_altar_island, uniq_terence
D:4:      layout_basic, kennysheep_little_box, serial_shops, shop
D:5:      layout_cave_pools, cheibrodos_sewer_entry_drain,
          nicolae_ru_path_of_blood
D:6:      layout_basic, lemuel_doored_altar, old_standard_altar,
          nicolae_gozag_cash_rules_everything_around_me, uniq_menkaure
D:7:      layout_gridville, vehumet_crystals, kennysheep_mini_moat,
          lemuel_crystal_altar, nemelex_xobeh_ov_fountains_minmay,
          minmay_temple_entry_trees, serial_shops, shop_fountains,
          nicolae_shop_crystal, shop, nicolae_shop_behind_doors,
          nicolae_wand_duel, uniq_pikel
Temple:   compressed_dpeg_triangle_lava_temple

Skill      XL: |  1  2  3  4  5  6  7  8 |
---------------+-------------------------+-----
Conjurations   | 5 6 7 8 |  8.7
Short Blades   | 1 |  1.3
Spellcasting   | 3 4 5 7 |  7.3
Hexes          | 1 2 |  2.8
Invocations    | 2 3 |  3.5
Maces & Flails | 1 |  1.1
Dodging        | |  1.8
Stealth        | |  1.8

Action                   |  1- 3 |  4- 6 |  7- 9 || total
-------------------------+-------+-------+-------++-------
Melee: Unarmed           |    18 |       |       ||    18
       Dagger            |    16 |    96 |       ||   112
       Tailslap          |     3 |    15 |     7 ||    25
       Mace              |       |       |    92 ||    92
 Cast: Magic Dart        |    67 |    50 |   168 ||   285
       Searing Ray       |       |    25 |    14 ||    39
       Fulminant Prism   |       |       |    14 ||    14
 Abil: Breathe Lightning |       |       |     1 ||     1
  Use: Scroll            |     2 |     9 |     2 ||    13
  Eat: Chunk             |     1 |     9 |     8 ||    18
Armor: Skin              |    17 |    24 |    48 ||    89
Dodge: Dodged            |    35 |    59 |    83 ||   177
Block: Other             |       |       |     5 ||     5
       Reflection        |       |       |     1 ||     1

Table legend:
 A = Non-vault XP
 B = Vault XP
 C = Vault XP percentage of total XP
 D = Non-vault monster count
 E = Vault monster count
 F = Vault count percentage of total count
                 A         B        C        D         E       F
            +---------+---------+-------+---------+---------+-------
      Total |    2120 |    1081 |  33.8 |     128 |      36 |  22.0
            +---------+---------+-------+---------+---------+-------
        D:1 |      43 |       0 |   0.0 |      22 |       0 |   0.0
        D:2 |     117 |      18 |  13.3 |      28 |       3 |   9.7
        D:3 |      93 |      32 |  25.6 |      13 |       1 |   7.1
        D:4 |     369 |       0 |   0.0 |      15 |       0 |   0.0
        D:5 |     514 |       6 |   1.2 |      15 |       3 |  16.7
        D:6 |     832 |     157 |  15.9 |      31 |       1 |   3.1
        D:7 |     152 |       0 |   0.0 |       4 |       0 |   0.0
      Sewer |       0 |     868 | 100.0 |       0 |      28 | 100.0
            +---------+---------+-------+---------+---------+-------
